 Dungeon Crawl Stone Soup version 0.20.1-1-g8b1a95d (webtiles) character file.

184 vatarom the Gusty (level 5, -30/38 HPs)
             Began as a Draconian Air Elementalist on Sept 10, 2017.
             Was an Initiate of Vehumet.
             Killed from afar by ThereIsNoGod's ghost (34 damage)
             ... with a stone arrow
             ... on level 4 of the Dungeon.
             The game lasted 00:10:45 (3679 turns).

vatarom the Gusty (Draconian Air Elementalist)      Turns: 3679, Time: 00:10:46

Health: -30/38     AC:  6    Str: 10    XL:     5   Next: 36%
Magic:  3/8        EV: 12    Int: 17    God:    Vehumet [......]
Gold:   235        SH:  0    Dex: 11    Spells: 2/8 levels left

rFire    . . .     SeeInvis .   d - +0 dagger
rCold    . . .     Gourm    .   (no shield)
rNeg     . . .     Faith    .   (armour unavailable)
rPois    .         Spirit   .   (helmet restricted)
rElec    .         Reflect  .   (no cloak)
rCorr    .         Harm     .   (no gloves)
MR       .....                  e - +0 pair of boots
Stlth    +++.......             (no amulet)
Regen    0.2/turn               c - ring of stealth
MPRegen  0.2/turn               (no ring)

@: about to teleport
A: unfitting armour, cold-blooded, AC +5
a: Renounce Religion


You were on level 4 of the Dungeon.
You worshipped Vehumet.
Vehumet was noncommittal.
You were not hungry.

You visited 1 branch of the dungeon, and saw 4 of its levels.

You collected 235 gold pieces.

Inventory:

Hand Weapons
 d - a +0 dagger (weapon)
Armour
 e - a +0 pair of boots (worn)
Jewellery
 c - a ring of stealth (left hand)
Wands
 m - a wand of digging (11/24)
Scrolls
 f - a scroll of noise
 h - 5 scrolls of remove curse
Potions
 g - a potion of haste
 k - a potion of curing {unknown}
 l - a potion of flight
 o - 2 potions of resistance {unknown}
 p - 2 potions of might {unknown}
 q - a potion of ambrosia {unknown}
Books
 a - a book of Air

   Spells                             Type                      Level
   a - Shock                          Conjuration/Air              1
   b - Swiftness                      Charms/Air                   2
   c - Static Discharge               Conjuration/Air              3
   d - Airstrike                      Air                          4
   e - Lightning Bolt                 Conjuration/Air              5
Comestibles
 b - 2 bread rations
 n - 2 royal jellies


   Skills:
 - Level 1.7 Dodging
 - Level 1.7 Stealth
 - Level 2.0 Spellcasting
 - Level 1.0 Conjurations
 + Level 6.1 Air Magic


You had 2 spell levels left.
You knew the following spells:

 Your Spells              Type           Power        Failure   Level  Hunger
a - Shock                 Conj/Air       ##..         4%          1    #......
b - Swiftness             Chrm/Air       ##......     9%          2    ###....
c - Static Discharge      Conj/Air       ##......     13%         3    ###....


Dungeon Overview and Level Annotations

Branches:
Dungeon (4/15)
 Temple: D:4-7

Altars:
Okawaru
Uskayaw
Vehumet

Annotations:
D:3 ThereIsNoGod's ghost, amateur DrEE
D:4 ThereIsNoGod's ghost, novice DrEE


Innate Abilities, Weirdness & Mutations

Your plain brown scales are hard. (AC +5)
You cannot fit into any form of body armour.
You are cold-blooded and may be slowed by cold attacks.


Message History

As you read the scroll of teleportation, it crumbles to dust.
You feel strangely unstable.
The orc priest calls down the wrath of Beogh upon you.
Beogh smites you!
ThereIsNoGod's ghost hits you but does no damage.
The orc hits you with a falchion. ThereIsNoGod's ghost hits you.
* * * LOW HITPOINT WARNING * * *
Your surroundings seem slightly different.
The orc priest invokes the aid of Beogh against you.
You barely resist.
The orc priest casts a cantrip, but nothing happens.
The orc hits you with a falchion.
* * * LOW HITPOINT WARNING * * *
As you read the scroll of teleportation, it crumbles to dust.
You feel strangely unstable. The orc barely misses you.
ThereIsNoGod's ghost gestures at you while chanting.
The stone arrow hits you!
Ouch! That really hurt!
You die...

########
#......##########
#......#........#
#...W..#........#
.#####...o.@#...[....#
.....................###
..###....o..#..........#
#...<....#.###.....#
##..o...##.###.....###
..
###o.....#.##........#
#.#
#........#.##........#
..
#)#####..#.##........#
#.#
#)..##...#.##........#


You could see 2 orc priests, an orc wizard (wandering), ThereIsNoGod's ghost and
an orc.

Vanquished Creatures
  A bullfrog skeleton (D:4)
  Natasha (twice) (D:3)
  2 adders
  2 oozes
  3 worms
  A dart slug (D:2)
  2 leopard geckos
  8 orcs
  6 bats
  5 giant cockroaches
  6 goblins
  5 hobgoblins
  A quokka (D:4)
  4 frilled lizards
  8 kobolds
  5 rats
61 creatures vanquished.

Notes
Turn   | Place    | Note
-------+----------+-------------------------------------------
     0 | D:1      | vatarom the Draconian Air Elementalist began the quest for the Orb.
     0 | D:1      | Reached XP level 1. HP: 14/14 MP: 3/3
   556 | D:1      | Reached XP level 2. HP: 20/20 MP: 3/5
   561 | D:1      | Learned a level 2 spell: Swiftness
  1069 | D:1      | Reached skill level 4 in Air Magic
  1549 | D:2      | Reached XP level 3. HP: 25/26 MP: 2/6
  1554 | D:2      | Learned a level 3 spell: Static Discharge
  1608 | D:2      | Found a radiant altar of Vehumet.
  1627 | D:2      | Became a worshipper of Vehumet
  1888 | D:2      | Found a hide-covered altar of Uskayaw.
  2257 | D:3      | Found an iron altar of Okawaru.
  2290 | D:3      | Noticed ThereIsNoGod's ghost (amateur DrEE)
  2604 | D:3      | Reached XP level 4. HP: 33/33 MP: 5/7
  2624 | D:3      | Noticed Natasha
  2631 | D:3      | Killed Natasha
  2631 | D:3      | Reached skill level 5 in Air Magic
  2932 | D:3      | Noticed Natasha
  2946 | D:3      | Killed Natasha
  3315 | D:4      | Reached XP level 5. HP: 38/38 MP: 6/8
  3597 | D:4      | Reached skill level 6 in Air Magic
  3639 | D:4      | Noticed ThereIsNoGod's ghost (novice DrEE)
  3646 | D:4      | Noticed a phantom
  3679 | D:4      | Killed from afar by ThereIsNoGod's ghost

Skill      XL: |  1  2  3  4  5 |
---------------+----------------+-----
Air Magic      | 4 5 6 |  6.1
Dodging        | |  1.7
Stealth        | |  1.7
Spellcasting   | |  2.0
Conjurations   | |  1.0

Action                   |  1- 3 |  4- 6 || total
-------------------------+-------+-------++-------
Melee: Dagger            |    60 |    52 ||   112
       Tailslap          |     6 |     6 ||    12
 Cast: Shock             |    72 |    43 ||   115
       Static Discharge  |     3 |     4 ||     7
  Use: Scroll            |     8 |     4 ||    12
       Potion            |     2 |     2 ||     4
 Stab: Sleeping          |     1 |       ||     1
  Eat: Chunk             |     6 |     1 ||     7
       Meat ration       |       |     1 ||     1
Armor: Skin              |    29 |    19 ||    48
Dodge: Dodged            |    53 |    44 ||    97
